Mp40 abuse FAILS MISERABLY

Match 27652983
End
Construct Barracks
Selects Advanced Infantry Battlegroup
Riflemen Squad
Riflemen Squad
Riflemen Squad
Infantry Support Center
Construct Medical Station
Selects Convert to Ranger Squad
Selects Designate Assault Position
M1 Mortar Team
Construct Motor Pool
M24 Chaffee Light Tank
Engineer Squad
Grenade Package
M1918 Browning Automatic Rifles
Munitions Surplus
Selects Infantry Assault
.30 cal Machine Gun
Riflemen Squad
Advanced Logistics
Selects Ammunition Storage
Infantry Assault
Selects M2A1 105mm Howitzer Emplacement
M1 Anti-tank Gun Team
M1 Anti-tank Gun Team
Selects 155mm Rapid Artillery Barrage
Construct Tank Depot
Infantry Assault
Captain Retinue
Infantry Assault
M4(105) Sherman Bulldozer
Engineer Squad
M18 Hellcat Tank Destroyer
CAuMOH
sniper shot reduces your mom lif
▼△TheBlueMan™△▼
Evelynn
0
0

Comments sign in to comment!

Evelynn 12 months ago

🧂❓